 Dungeon Crawl Stone Soup version 0.31-a0-210-gccc998df9b (webtiles) character file.

Game seed: 2591158002070253016

425 Dittersdorf the Covered (level 6, -6/40 HPs)
             Began as a Gargoyle Fighter on June 29, 2023.
             Mangled by an ogre
             ... wielding a +0 giant spiked club
              (10 damage)
             ... on level 4 of the Dungeon.
             The game lasted 00:04:20 (2989 turns).

Dittersdorf the Covered (Gargoyle Fighter)          Turns: 2989, Time: 00:04:21

Health: -6/40      AC: 16    Str: 21    XL:     6   Next: 96%
Magic:  6/6        EV:  5    Int:  9    God:
Gold:   166        SH: 12    Dex:  9    Spells: 5/5 levels left

rFire   . . .        a - +1 flail
rCold   . . .        e - +0 tower shield
rNeg    + . .        p - +0 chain mail
rPois   ∞            i - +2 hat
rElec   +            (no cloak)
rCorr   +            (no gloves)
SInv    .            (no boots)
Will    +....        k - amulet of regeneration Stlth
                     v - ring of willpower
HPRegen 1.06/turn    h - ring of resist corrosion
MPRegen 0.10/turn

%: no passive effects
@: no status effects
A: sickness immunity, AC +4, negative energy resistance 1, electricity
resistance, torment resistance 1, petrification resistance
a: no special abilities


You were on level 4 of the Dungeon.
You visited 1 branch of the dungeon, and saw 5 of its levels.

You collected 166 gold pieces.

Inventory:

Hand Weapons
 a - a +1 flail (weapon)
Missiles
 n - a throwing net
 w - 4 poisoned darts (quivered)
Armour
 e - a +0 tower shield (worn)
 i - a +2 hat (worn)
 p - a +0 chain mail (worn)
 t - +0 fire dragon scales
Jewellery
 h - a ring of resist corrosion (right hand)
 k - an amulet of regeneration (around neck)
 v - a ring of willpower (left hand)
Wands
 u - a wand of iceblast (6)
Scrolls
 c - a scroll of poison
 g - 2 scrolls of enchant weapon
 o - 2 scrolls of teleportation
Potions
 d - a potion of might
 f - a potion of lignification {unknown}
 j - 2 potions of curing {unknown}
 l - a potion of resistance
 m - a potion of ambrosia
 q - a potion of brilliance
 x - a potion of enlightenment


   Skills:
 + Level 5.0 Fighting
 + Level 3.9 Maces & Flails
 + Level 5.0 Armour
 + Level 5.0 Shields


You had 5 spell levels left.
You didn't know any spells.
Your spell library contained the following spells:

 Spells                   Type           Power      Damage    Failure   Level
 Apportation              Tloc           0%         N/A       100%        1
 Foxfire                  Conj/Fire      0%         2x1d4     100%        1
 Necrotise                Necr           0%         1d4       100%        1
 Summon Small Mammal      Summ           0%         N/A       100%        1
 Blink                    Tloc           0%         N/A       100%        2
 Manifold Assault         Tloc           0%         N/A       100%        4
 Fireball                 Conj/Fire      0%         3d3       100%        5
 Dispersal                Tloc           0%         N/A       100%        6
 Plasma Beam              Fire/Air       0%         2x1d10    100%        6
 Starburst                Conj/Fire      0%         6d3       100%        6
 Storm Form               Tmut/Air       0%         N/A       100%        7
 Disjunction              Tloc           0%         N/A       100%        8


Dungeon Overview and Level Annotations

Branches:
Dungeon (5/15)
 Temple: D:4-7

Altars:
Sif Muna
Zin


Innate Abilities, Weirdness & Mutations

You are immune to sickness and miasma.
Your stone body is resilient. (AC +4)
You are immune to poison.
You resist negative energy. (rN+)
You are resistant to electric shocks. (rElec)
You are resistant to unholy torment.
You are immune to petrification.


Message History

The ogre shouts!
You closely miss the ogre. Something hits you but does no damage.
You block the ogre's attack.
You barely miss the ogre. Something hits you but does no damage.
You block the ogre's attack. Something hits you.
You hit the ogre.
The ogre is lightly wounded.
Something hits you but does no damage. The ogre hits you but does no damage.
You barely miss the ogre.
The ogre is lightly wounded.
You hear some strange, mumbled words.
Something tries to affect you, but you resist.
The endoplasm jiggles.
The ogre hits you with a +0 giant spiked club!!
Ouch! That really hurt!
Something hits you but does no damage.
You are too injured to fight recklessly!
You are too injured to fight recklessly!
You are too injured to fight recklessly!
You are too injured to fight recklessly!
You are too injured to fight recklessly!
You are too injured to fight recklessly!
You are too injured to fight recklessly!
You are too injured to fight recklessly!
You are too injured to fight recklessly!
You are too injured to fight recklessly!
You are too injured to fight recklessly!
You are too injured to fight recklessly!
You are too injured to fight recklessly!
You are too injured to fight recklessly!
You are too injured to fight recklessly!
You barely miss something. Something hits you but does no damage.
The ogre hits you with a +0 giant spiked club!
* * * LOW HITPOINT WARNING * * *
You sock the ogre!
The ogre is heavily wounded.
Something hits you.
* * * LOW HITPOINT WARNING * * *
The ogre hits you with a +0 giant spiked club!
You die...

,* *,#****,* *..,,,,,,,,,,,,*,,
,* *,>.,,,,* *.#****,,*****,,,*
,* ***#.,,,* *.# *,,* **,*, ,*
***###.,,***!# *,,* *,*,
,****,,.....,,,,.### *,,******,*,
,,,,,,,....>.###...###.,,,,,,,,,,
*****,****,#.$oJ.......,*********
***,****,##.#{##.###***
*,,,,,,,,#.###@#.# *,*,,,,,..#*
##O.##### *,*,***#.#* ##.....#
*>*,* ##<** *#..###.# *,*,*
**,**#.#.#**,** *,*,*
**,#.##.#*,,,* *,*,*
*#.#*#.#*,,,* *,*,*
########.#*,,,* *,*,*
#........#***,**


You could see an ogre, an orc and an endoplasm.

Vanquished Creatures
  Grinder (D:3)
  A gnoll bouda (D:5)
  2 iguanas (D:5)
  An orc wizard (D:5)
  3 gnolls (D:5)
  3 adders
  4 dart slugs
  11 orcs
  6 endoplasms
  A giant cockroach (D:1)
  6 hobgoblins
  3 quokkas (D:1)
  9 ball pythons
  3 bats
  A frilled lizard (D:2)
  4 goblins
  5 kobolds
  4 rats
68 creatures vanquished.

Notes
Turn   | Place    | Note
-------+----------+-------------------------------------------
     0 | D:1      | Dittersdorf the Gargoyle Fighter began the quest for the
                  | Orb.
     0 | D:1      | Reached XP level 1. HP: 14/14 MP: 1/1
    81 | D:1      | Found a faded altar of an unknown god.
   105 | D:1      | Reached XP level 2. HP: 17/19 MP: 2/2
   657 | D:1      | Reached XP level 3. HP: 23/23 MP: 3/3
  1392 | D:2      | Identified the +1 short sword of Harmony {elec, Stlth+}
  1887 | D:3      | Reached XP level 4. HP: 29/29 MP: 4/4
  1918 | D:3      | Noticed Grinder
  1947 | D:3      | Killed Grinder
  1948 | D:3      | Reached XP level 5. HP: 34/34 MP: 5/5
  1948 | D:3      | Reached XP level 6. HP: 39/39 MP: 6/6
  2009 | D:3      | Found a shimmering blue altar of Sif Muna.
  2009 | D:3      | Found a glowing silver altar of Zin.
  2664 | D:4      | You fall into a shaft and drop 1 floor!
  2664 | D:5      | Entered Level 5 of the Dungeon
  2842 | D:5      | Reached skill level 5 in Armour
  2856 | D:5      | Reached skill level 5 in Fighting
  2859 | D:5      | Reached skill level 5 in Shields
  2989 | D:4      | Mangled by an ogre

Illustrated notes

Levels and vault maps discovered:
D:1:      dpeg_arrival_water_temple_mockup, layout_loops_cross,
          ebering_ecumenical_altar_abandoned, dk_noncrumbling_2,
          nicolae_eternal_life
D:2:      layout_basic
D:3:      layout_loops_cross, nicolae_overflow_two_pavilions,
          minmay_fountain_box, uniq_grinder
D:4:      layout_loops_ring
D:5:      layout_basic

Skill      XL: |  1  2  3  4  5  6 |
---------------+-------------------+-----
Fighting       | 4 5 |  5.0
Maces & Flails | 3 |  3.9
Armour         | 4 5 |  5.0
Shields        | 4 5 |  5.0

Action                     |  1- 3 |  4- 6 || total
---------------------------+-------+-------++-------
  Melee: Flail             |    96 |   180 ||   276
  Throw: Dart              |       |     4 ||     4
    Use: Scroll            |       |    13 ||    13
 Armour: Scale mail        |    58 |    67 ||   125
         Chain mail        |       |    11 ||    11
  Dodge: Dodged            |    56 |    55 ||   111
  Block: Buckler           |    34 |    17 ||    51
         Tower shield      |       |    59 ||    59

Table legend: (Time is in decaauts)
 A = Elapsed time spent in this place.
 B = Non-inter-level travel time spent in this place.
 C = Inter-level travel time spent in this place.
 D = Time resting spent in this place.
 E = Time spent auto-exploring this place.
 F = Levels seen in this place.
 G = Mean time per level.
                   A        B        C        D        E       F      G
               +--------+--------+--------+--------+--------+-----+--------+
         Total |   3086 |   2977 |    109 |     31 |   2251 |   5 |  617.2 |
       Dungeon |   3086 |   2977 |    109 |     31 |   2251 |   5 |  617.2 |
               +--------+--------+--------+--------+--------+-----+--------+

Top non-repeatable levels by time:
     D:2: 933 daAuts
     D:1: 879 daAuts
     D:3: 762 daAuts
     D:5: 273 daAuts
     D:4: 238 daAuts
